AoeStats
← [CL] Maga Oscura

Arabia

516883373Analyzed
4v4 RM · 20d ago on Oct 28, 2026· 26m 51s· 8 players
Game mode
Random Map
Map size
Large (8 player)
Population
200
Speed
Normal
Resources
Standard
Victory
Conquest
Starting age
Dark Age
Ending age
Imperial Age
RankedLock teamsTeams togetherTeam positionsShared explorationLock speedFull tech treeHidden civsTurbo modeCheats
Victory
Defeat
🇨🇱 Magyars · Chile
1590
+13
🇨🇱 Vikings · Chile
1508
+16
🇦🇷 Maya · Argentina
1457
+18
🇨🇱 Magyars · Chile
1428
+20
vs
🇨🇴 Magyars · Colombia
1556
-18
🇲🇽 Huns · Mexico
1509
-17
🇲🇽 Persians · Mexico
1492
-16
🇲🇽 Ethiopians · Mexico
1488
-16
[CL] Dubstepyzed
6:37 Loom
9:05 Feudal Age
12:20 Double-Bit Axe
14:30 Fletching
16:08 Horse Collar
24:14 Castle Age
22:14 Gold Mining
24:18 Crossbowman
24:53 Bodkin Arrow
25:26 Bow Saw
25:45 Ballistics
26:38 Padded Archer Armor
six semen
0:25 Loom
9:22 Feudal Age
9:55 Double-Bit Axe
13:42 Fletching
17:19 Padded Archer Armor
[CL] Maga Oscura
7:04 Loom
9:08 Feudal Age
10:28 Double-Bit Axe
10:34 Horse Collar
16:28 Scale Barding Armor
17:48 Bloodlines
19:08 Wheelbarrow
23:18 Castle Age
21:31 Gold Mining
24:04 Husbandry
23:54 Light Cavalry
24:57 Chain Barding Armor
25:09 Bow Saw
27:03 Hand Cart
[CL] FARFANA
5:52 Loom
8:49 Feudal Age
9:44 Double-Bit Axe
10:27 Horse Collar
16:51 Scale Barding Armor
23:09 Castle Age
22:13 Bloodlines
23:12 Light Cavalry
24:07 Bow Saw
Aldeana Culona
5:49 Loom
9:14 Feudal Age
9:46 Double-Bit Axe
22:39 Castle Age
21:39 Bloodlines
21:35 Gold Mining
22:25 Scale Barding Armor
24:13 Chain Barding Armor
26:38 Husbandry
Ux'Bunny
6:03 Loom
9:15 Feudal Age
9:42 Double-Bit Axe
11:43 Horse Collar
19:06 Scale Barding Armor
20:51 Forging
23:24 Castle Age
22:52 Wheelbarrow
22:45 Bloodlines
24:08 Gold Mining
25:06 Chain Barding Armor
26:08 Bow Saw
26:02 Heavy Plow
26:52 Husbandry
Juannpica papitas
8:53 Loom
11:21 Feudal Age
12:56 Fletching
13:50 Double-Bit Axe
15:59 Padded Archer Armor
24:24 Castle Age
24:18 Gold Mining
24:26 Crossbowman
25:01 Bodkin Arrow
El gato louko
6:05 Loom
8:33 Feudal Age
11:28 Fletching
14:41 Padded Archer Armor
22:36 Castle Age
22:43 Crossbowman
23:19 Bodkin Arrow
25:24 Bodkin Arrow
Connection lost

Rejoining the realm…

Still unreachable

The connection could not be restored.

Session expired

The server has moved on; the page needs a fresh start.